 Dungeon Crawl Stone Soup version 0.31-a0-152-g6aa68a64a1 (webtiles) character file.

Game seed: 18220503505279270606

808 qw the Shooter (level 7, -1/54 (66) HPs)
             Began as a Naga Hunter on June 10, 2023.
             Slain by a wight
             ... wielding a +3 mace
              (10 damage)
             ... on level 6 of the Dungeon.
             The game lasted 00:01:11 (3351 turns).

qw the Shooter (Naga Hunter)                        Turns: 3351, Time: 00:01:12

HP:   -1/54 (66)    AC:  9    Str: 13    XL:     7   Next: 92%
MP:   7/7           EV:  8    Int:  9    God:
Gold: 183           SH:  0    Dex: 17    Spells: 6/6 levels left

rFire   + . .        Y - +0 shortbow (freeze)
rCold   . . .        (shield currently unavailable)
rNeg    . . .        c - +0 leather armour
rPois   +            (no helmet)
rElec   .            o - +0 cloak
rCorr   .            (no gloves)
SInv    +            d - +0 barding {Fly}
Will    .....        (no amulet)
Stlth   ++           f - ring of protection from fire
HPRegen 0.29/turn    (no ring)
MPRegen 0.10/turn

%: no passive effects
@: about to teleport, flying, heavily drained, very slow
A: AC +2, large, see invisible, deformed body, poison resistance, slowness 2,
spit poison 1, naga tail 1
a: Spit Poison


You were on level 6 of the Dungeon.
You visited 1 branch of the dungeon, and saw 5 of its levels.

You collected 183 gold pieces.


Innate Abilities, Weirdness & Mutations

Your serpentine skin is tough. (AC +2)
You have supernaturally acute eyesight. (SInv)
Armour fits poorly on your strangely shaped body.
Your system is resistant to poisons. (rPois)
You cover ground very slowly.
You can spit poison.
You have a snake-like lower body.


   Skills:
 - Level 4.5 Fighting
 + Level 7.4 Ranged Weapons
 - Level 1.2 Armour
 - Level 2.0 Dodging
 - Level 1.5 Stealth


You had 6 spell levels left.
You didn't know any spells.
Your spell library was empty.

Inventory:

Hand Weapons
 Y - a +0 shortbow of freezing (weapon)
Armour
 c - a +0 leather armour (worn)
 d - a +0 barding of flying (worn)
 m - a +2 robe of resistance
 o - a +0 cloak (worn)
Jewellery
 f - a ring of protection from fire (left hand)
 p - a ring of protection from cold
Wands
 i - a wand of digging (1)
Scrolls
 j - a scroll of identify {unknown}
Potions
 a - a potion of brilliance {unknown}
 b - 2 potions of haste
 e - a potion of heal wounds {unknown}
 g - a potion of invisibility {unknown}
 k - a potion of cancellation {unknown}
 l - 2 potions of enlightenment {unknown}
 n - a potion of mutation {unknown}
 q - 2 potions of attraction {unknown}

Dungeon Overview and Level Annotations

Branches:
Dungeon (4/15)
 Temple: D:4-7

Altars:
Gozag
Makhleb
Wu Jian

Shops:
D:1 :

Annotations:
D:4 2 runed translucent doors


Message History

A wight comes into view. It is wielding a +3 mace.
You shoot an arrow. The arrow hits the wight.
The wight is heavily damaged.
You shoot an arrow. The arrow hits the wight.
The wight is almost destroyed.
You shoot an arrow.
The arrow hits the wight but does no damage.
The wight is almost destroyed.
The wight hits you with a +2 scimitar.
You shoot an arrow. The arrow completely misses the wight.
The wight hits you with a +2 scimitar!
You shoot an arrow.
The arrow hits the wight but does no damage.
The wight is almost destroyed.
The wight hits you with a +2 scimitar.
You feel drained.
You shoot an arrow. The arrow barely misses the wight.
The wight hits you with a +2 scimitar!
You feel drained. The wight barely misses you.
You shoot an arrow. The arrow hits the wight.
You destroy the wight!
The wight hits you with a +3 mace!
You feel drained.
You shoot an arrow. The arrow hits the wight.
The wight is lightly damaged.
The wight hits you with a +3 mace!
You feel drained.
You shoot an arrow.
The arrow hits the wight but does no damage.
The wight is lightly damaged.
The wight barely misses you.
You shoot an arrow. The arrow hits the wight.
The wight is moderately damaged.
The wight hits you with a +3 mace!
You feel drained.
3350 ||| READING scroll of teleportation.
As you read the scroll of teleportation, it crumbles to dust.
You feel strangely unstable. The wight hits you but does no damage.
You shoot an arrow.
The arrow hits the wight but does no damage.
The wight is moderately damaged.
The wight hits you with a +3 mace!
You die...

.....#.###..^..###....##
.....##....###..##...##
.....###.### #.......#
.....##### ##...##.##
....###.#######.#####.#
................# #...#
..###....#####..##....##
.## ###### ##.#......#
..# #.@z[..... ..#
#..)...... ..#
##........ .## #........
.# $........ ##
......>.. # ##.......
......[ #


You could see a wight.

Vanquished Creatures
  Sigmund (D:2)
  Menkaure (D:4)
  2 ogres (D:6)
  2 wights (D:6)
  2 hounds
  Terence (D:3)
  An iguana (D:6)
  3 gnolls (D:3)
  4 adders
  2 worms (D:2)
  A dart slug (D:1)
  5 orcs
  3 ball pythons
  6 endoplasms
  3 giant cockroaches
  8 hobgoblins
  8 jackals
  3 quokkas
  3 bats
  6 frilled lizards
  2 goblins
  10 kobolds
  3 rats
80 creatures vanquished.

Notes
Turn   | Place    | Note
-------+----------+-------------------------------------------
     0 | D:1      | qw the Naga Hunter began the quest for the Orb.
     0 | D:1      | Reached XP level 1. HP: 19/19 MP: 1/1
     0 | D:1      | 0 ||| qw: Version: 0.2-a-122-gbc61b45
     0 | D:1      | 0 ||| qw: Game counter: 3584
     0 | D:1      | 0 ||| qw: Always use a shield: true
     0 | D:1      | 0 ||| qw: God list: Okawaru
     0 | D:1      | 0 ||| qw: Allow faded altars: false
     0 | D:1      | 0 ||| qw: Do Orc after D:15 true
     0 | D:1      | 0 ||| qw: Do second Lair branch before Depths: true
     0 | D:1      | 0 ||| qw: Lair rune preference: random
     0 | D:1      | 0 ||| qw: Plans: Normal
     0 | D:1      | 0 ||| PLANNING D:1-11
    69 | D:1      | Found Qulayske's Book Emporium.
    81 | D:1      | 81 ||| INVOKING Spit Poison.
   119 | D:1      | 119 ||| INVOKING Spit Poison.
   158 | D:1      | 158 ||| INVOKING Spit Poison.
   174 | D:1      | 174 ||| INVOKING Spit Poison.
   229 | D:1      | 229 ||| INVOKING Spit Poison.
   230 | D:1      | Reached skill level 4 in Ranged Weapons
   230 | D:1      | Reached XP level 2. HP: 26/26 MP: 2/2
   278 | D:1      | 278 ||| INVOKING Spit Poison.
   282 | D:1      | 282 ||| INVOKING Spit Poison.
   288 | D:1      | 288 ||| INVOKING Spit Poison.
   382 | D:1      | 382 ||| INVOKING Spit Poison.
   408 | D:1      | 408 ||| INVOKING Spit Poison.
   507 | D:1      | 507 ||| INVOKING Spit Poison.
   535 | D:1      | 535 ||| INVOKING Spit Poison.
   555 | D:1      | 555 ||| INVOKING Spit Poison.
   730 | D:1      | Found a faded altar of an unknown god.
   731 | D:1      | 731 ||| UPGRADING to ring of protection from fire.
   732 | D:1      | 732 ||| DROPPING ring of flight.
   733 | D:1      | 733 ||| READING scroll labelled UQANO JEDEUCZE.
   834 | D:1      | 834 ||| READING 2 scrolls labelled ZAPAUL UTWOI.
   839 | D:1      | 839 ||| READING scroll labelled EJIOSE QEIZEONN.
   840 | D:1      | 840 ||| READING scroll labelled UTRIPO TAPEPN.
   841 | D:1      | 841 ||| DROPPING scroll of butterflies.
   899 | D:2      | 899 ||| INVOKING Spit Poison.
   904 | D:2      | 904 ||| INVOKING Spit Poison.
   905 | D:2      | Reached XP level 3. HP: 32/32 MP: 3/3
  1020 | D:2      | 1020 ||| INVOKING Spit Poison.
  1024 | D:2      | 1024 ||| INVOKING Spit Poison.
  1029 | D:2      | 1029 ||| INVOKING Spit Poison.
  1033 | D:2      | 1033 ||| INVOKING Spit Poison.
  1159 | D:2      | 1159 ||| READING scroll labelled GYODOL CIDOOS.
  1159 | D:2      | Identified a scroll of acquirement
  1159 | D:2      | 1159 ||| ACQUIRING +0 barding of flying
  1159 | D:2      | Acquired a +0 barding of flying
  1161 | D:2      | 1161 ||| UPGRADING to +0 barding of flying.
  1166 | D:2      | 1166 ||| READING scroll labelled WOSIXKE CENI.
  1249 | D:2      | 1249 ||| INVOKING Spit Poison.
  1252 | D:2      | Noticed Sigmund
  1253 | D:2      | 1253 ||| INVOKING Spit Poison.
  1259 | D:2      | 1259 ||| INVOKING Spit Poison.
  1262 | D:2      | 1262 ||| INVOKING Spit Poison.
  1262 | D:2      | Killed Sigmund
  1263 | D:2      | Reached skill level 6 in Ranged Weapons
  1263 | D:2      | Reached XP level 4. HP: 30/39 MP: 4/4
  1263 | D:2      | Reached XP level 5. HP: 35/45 MP: 5/5
  1312 | D:2      | 1312 ||| INVOKING Spit Poison.
  1327 | D:2      | 1327 ||| INVOKING Spit Poison.
  1341 | D:2      | 1341 ||| INVOKING Spit Poison.
  1352 | D:2      | 1352 ||| INVOKING Spit Poison.
  1370 | D:2      | 1370 ||| INVOKING Spit Poison.
  1400 | D:2      | 1400 ||| INVOKING Spit Poison.
  1480 | D:2      | 1480 ||| INVOKING Spit Poison.
  1513 | D:2      | 1513 ||| INVOKING Spit Poison.
  1671 | D:2      | 1671 ||| INVOKING Spit Poison.
  1683 | D:2      | 1683 ||| UPGRADING to +0 cloak.
  1688 | D:2      | 1688 ||| READING scroll labelled OQIJIE DEIXODUOSCHI.
  1689 | D:2      | 1689 ||| READING scroll labelled BEIFUP RUAFAGO.
  1690 | D:2      | 1690 ||| READING scroll labelled UVIPPI RUEGH.
  1730 | D:3      | 1730 ||| INVOKING Spit Poison.
  1737 | D:3      | 1737 ||| INVOKING Spit Poison.
  1797 | D:3      | 1797 ||| INVOKING Spit Poison.
  1829 | D:3      | 1829 ||| INVOKING Spit Poison.
  1832 | D:3      | Reached XP level 6. HP: 55/55 MP: 6/6
  1835 | D:3      | Noticed Terence
  1837 | D:3      | 1837 ||| INVOKING Spit Poison.
  1841 | D:3      | Killed Terence
  1842 | D:3      | Reached skill level 1 in Armour
  1854 | D:3      | Found an opulent altar of Gozag.
  1905 | D:3      | 1905 ||| INVOKING Spit Poison.
  1983 | D:3      | 1983 ||| INVOKING Spit Poison.
  1986 | D:3      | 1986 ||| INVOKING Spit Poison.
  1992 | D:3      | 1992 ||| INVOKING Spit Poison.
  1995 | D:3      | 1995 ||| INVOKING Spit Poison.
  2134 | D:3      | 2134 ||| INVOKING Spit Poison.
  2137 | D:3      | Reached skill level 3 in Fighting
  2137 | D:3      | 2137 ||| INVOKING Spit Poison.
  2229 | D:3      | 2229 ||| INVOKING Spit Poison.
  2245 | D:3      | Found a burning altar of Makhleb.
  2246 | D:3      | Noticed a balrug
  2344 | D:3      | 2344 ||| READING scroll labelled AHIGAEN SOAR.
  2345 | D:3      | 2345 ||| DRINKING 3 emerald potions.
  2388 | D:4      | 2388 ||| INVOKING Spit Poison.
  2411 | D:4      | 2411 ||| INVOKING Spit Poison.
  2417 | D:4      | 2417 ||| INVOKING Spit Poison.
  2420 | D:4      | 2420 ||| INVOKING Spit Poison.
  2453 | D:4      | Noticed Menkaure
  2462 | D:4      | Killed Menkaure
  2463 | D:4      | Reached XP level 7. HP: 18/66 MP: 7/7
  2653 | D:4      | 2653 ||| INVOKING Spit Poison.
  2658 | D:4      | 2658 ||| INVOKING Spit Poison.
  2706 | D:4      | 2706 ||| INVOKING Spit Poison.
  2719 | D:4      | Found a large runed translucent door.
  2732 | D:4      | Found a large runed translucent door.
  2786 | D:4      | You are sucked into a shaft and drop 2 floors!
  2792 | D:6      | 2792 ||| INVOKING Spit Poison.
  2799 | D:6      | 2799 ||| INVOKING Spit Poison.
  2821 | D:6      | 2821 ||| INVOKING Spit Poison.
  2826 | D:6      | 2826 ||| INVOKING Spit Poison.
  2826 | D:6      | HP: 2/66 [ogre/+0 giant spiked club (30)]
  2827 | D:6      | 2827 ||| READING 3 scrolls of teleportation.
  2831 | D:6      | 2831 ||| READING 2 scrolls of teleportation.
  2832 | D:6      | 2832 ||| INVOKING Spit Poison.
  3039 | D:6      | 3039 ||| INVOKING Spit Poison.
  3042 | D:6      | Reached skill level 7 in Ranged Weapons
  3065 | D:6      | Found an ornate altar of the Wu Jian Council.
  3071 | D:6      | 3071 ||| INVOKING Spit Poison.
  3075 | D:6      | 3075 ||| INVOKING Spit Poison.
  3078 | D:6      | 3078 ||| INVOKING Spit Poison.
  3085 | D:6      | 3085 ||| INVOKING Spit Poison.
  3110 | D:6      | 3110 ||| INVOKING Spit Poison.
  3349 | D:6      | HP: 9/56 [wight/+3 mace (8)]
  3350 | D:6      | 3350 ||| READING scroll of teleportation.
  3351 | D:6      | Slain by a wight

Levels and vault maps discovered:
D:1:      dpeg_arrival_short_road, layout_loops_ring, serial_shops,
          nicolae_book_shop_shelving, hellmonk_ecumenical_altar_leap_of_faith
D:2:      layout_basic, uniq_sigmund
D:3:      layout_loops_ring, lemuel_coloured_pillars_altar,
          makhleb_altar_promises_db, kennysheep_generic_room_3, uniq_terence
D:4:      kennysheep_big_flooded_room, layout_cave_pools, jmf_multi_god_temple2,
          corexii_checkpoint_b, uniq_menkaure
D:6:      layout_layer_cave, general_overflow_altar, nemelex_spade_bored_becter,
          dk_vineyard_3, uniq_grinder

Skill      XL: |  1  2  3  4  5  6  7 |
---------------+----------------------+-----
Ranged Weapons | 4 6 7 |  7.4
Armour         | 1 |  1.2
Fighting       | 4 |  4.5
Dodging        | 2 |  2.0
Stealth        | |  1.5

Action                     |  1- 3 |  4- 6 |  7- 9 || total
---------------------------+-------+-------+-------++-------
   Fire: Shortbow          |    62 |    67 |    71 ||   200
Ability: Spit Poison       |    23 |    26 |    14 ||    63
    Use: Scroll            |     6 |     4 |     3 ||    13
         Potion            |       |     1 |       ||     1
 Armour: Leather armour    |     5 |     7 |    12 ||    24
  Dodge: Dodged            |    16 |    10 |    18 ||    44

Table legend:
 A = Non-vault XP
 B = Vault XP
 C = Vault XP percentage of total XP
 D = Non-vault monster count
 E = Vault monster count
 F = Vault count percentage of total count
                 A         B        C        D         E       F
            +---------+---------+-------+---------+---------+-------
      Total |     719 |     436 |  37.7 |      76 |       4 |   5.0
            +---------+---------+-------+---------+---------+-------
        D:1 |      31 |       0 |   0.0 |      18 |       0 |   0.0
        D:2 |      53 |     226 |  81.0 |      21 |       1 |   4.5
        D:3 |     120 |      38 |  24.1 |      16 |       2 |  11.1
        D:4 |      68 |     172 |  71.7 |      13 |       1 |   7.1
        D:6 |     447 |       0 |   0.0 |       8 |       0 |   0.0
            +---------+---------+-------+---------+---------+-------
